 Dungeon Crawl Stone Soup version 0.31.0-9-g3a7656b989 (webtiles) character file.

Game seed: 2420280156656912095

240 qw the Skirmisher (level 5, 0/30 HPs)
             Began as a Deep Elf Hunter on Feb 2, 2024.
             Slain by a gnoll
             ... wielding a +0 halberd
             ... led by a gnoll bouda
              (1 damage)
             ... on level 4 of the Dungeon.
             The game lasted 00:00:11 (3174 turns).

qw the Skirmisher (Deep Elf Hunter)                 Turns: 3174, Time: 00:00:12

Health: 0/30       AC:  4    Str: 10    XL:     5   Next: 79%
Magic:  7/7        EV: 13    Int: 14    God:
Gold:   151        SH:  0    Dex: 18    Spells: 4/4 levels left

rFire   . . .        a - +0 shortbow
rCold   . . .        (shield currently unavailable)
rNeg    + . .        c - +0 leather armour
rPois   .            f - +0 helmet
rElec   .            (no cloak)
rCorr   +            (no gloves)
SInv    .            (no boots)
Will    .....        (no amulet)
Stlth   ++           d - ring of positive energy
HPRegen 0.25/turn    i - ring of resist corrosion
MPRegen 0.10/turn

%: no passive effects
@: no status effects
A: no striking features
a: no special abilities


You were on level 4 of the Dungeon.
You visited 1 branch of the dungeon, and saw 4 of its levels.

You collected 151 gold pieces.


   Skills:
 + Level 1.7 Fighting
 - Level 9.0 Ranged Weapons
 - Level 3.3 Dodging
 - Level 1.2 Stealth


You had 4 spell levels left.
You didn't know any spells.
Your spell library was empty.

Inventory:

Hand Weapons
 a - a +0 shortbow (weapon)
Armour
 c - a +0 leather armour (worn)
 f - a +0 helmet (worn)
Jewellery
 d - a ring of positive energy (left hand)
 i - a ring of resist corrosion (right hand)
Scrolls
 l - a scroll of identify
Potions
 b - a potion of resistance
 e - a potion of might
 g - a potion of curing {unknown}
 h - a potion of berserk rage {unknown}
 j - a potion of cancellation {unknown}
 k - a potion of magic {unknown}

Dungeon Overview and Level Annotations

Branches:
Dungeon (4/15)
 Temple: D:4-7

Altars:
Xom


Message History

You kill the gnoll!
The gnoll barely misses you.
You shoot an arrow. The arrow barely misses the gnoll.
The gnoll closely misses you.
You shoot an arrow. The arrow barely misses the gnoll.
The gnoll hits you from afar with a +0 halberd.
You shoot an arrow. The arrow barely misses the gnoll.
A jackal comes into view.
The gnoll hits you from afar with a +0 halberd!
You shoot an arrow. The jackal barks!
The arrow hits the gnoll bouda!
The gnoll bouda is moderately wounded.
The gnoll barely misses you.
You shoot an arrow.
The arrow barely misses the gnoll bouda.
The arrow hits the gnoll!
The gnoll is heavily wounded.
The gnoll bouda closely misses you. The gnoll barely misses you.
You shoot an arrow. The arrow hits the gnoll bouda.
The gnoll bouda is heavily wounded.
The gnoll bouda hits you with a +0 whip.
The gnoll closely misses you.
You shoot an arrow. The arrow hits the gnoll bouda!
The gnoll bouda is almost dead.
The gnoll bouda barks out a call to the hunt!
The gnoll picks up the pace!
The gnoll hits you from afar with a +0 halberd!
You hear a bark!
You shoot an arrow.
The arrow closely misses the gnoll bouda.
The arrow hits the gnoll.
The gnoll is almost dead.
You hear a bark!
The gnoll is no longer moving quickly.
A jackal comes into view.
The gnoll bouda barks out a call to the hunt!
The gnoll picks up the pace!
The gnoll hits you from afar with a +0 halberd.
You die...

##.###...#
#.....>..###
#.#........#
..###...###.##.#
.......## #.##.#
.#######
#.##.#####
#........#
#)..g###.#
#..hgg@..#
#...g#####
......#.......#
####.h.$.......
#.##.#####.# #.
#g# # #% #g# #.#
#.g


You could see a gnoll bouda, 3 gnolls and 2 jackals.

Vanquished Creatures
  A bombardier beetle (D:3)
  A jelly (D:4)
  A gnoll (D:4)
  9 adders
  3 dart slugs
  An orc (D:3)
  10 ball pythons
  5 bats
  5 endoplasms
  2 giant cockroaches
  3 hobgoblins
  5 jackals
  4 quokkas
  3 frilled lizards
  9 goblins
  14 kobolds
  4 rats (D:1)
80 creatures vanquished.

Notes
Turn   | Place    | Note
-------+----------+-------------------------------------------
     0 | D:1      | qw the Deep Elf Hunter began the quest for the Orb.
     0 | D:1      | Reached XP level 1. HP: 12/12 MP: 3/3
     0 | D:1      | 0 ||| qw: Version: 0.3-a-155-g5e7d8dd
     0 | D:1      | 0 ||| qw: Game counter: 2457
     0 | D:1      | 0 ||| qw: Melee chars always use a shield: true
     0 | D:1      | 0 ||| qw: God list: Okawaru
     0 | D:1      | 0 ||| qw: Allow faded altars: false
     0 | D:1      | 0 ||| qw: Do Orc after clearing Dungeon:15 true
     0 | D:1      | 0 ||| qw: Do second Lair branch before Depths: true
     0 | D:1      | 0 ||| qw: Lair rune preference: random
     0 | D:1      | 0 ||| qw: Goals: Normal
     0 | D:1      | 0 ||| PLANNING D:1-11
    83 | D:1      | Reached XP level 2. HP: 16/16 MP: 4/4
    93 | D:1      | Reached skill level 6 in Ranged Weapons
   505 | D:1      | Found a faded altar of an unknown god.
   826 | D:1      | 826 ||| READING 2 scrolls labelled SETZAST COWIP.
   826 | D:1      | 826 ||| IDENTIFYING fizzy orange potion
   827 | D:1      | 827 ||| READING scroll of identify.
   827 | D:1      | 827 ||| IDENTIFYING inky potion
   828 | D:1      | 828 ||| READING scroll labelled DAMOPL RAUVO.
   829 | D:1      | 829 ||| READING scroll labelled VAAMNU BUIHIC.
   833 | D:1      | 833 ||| DROPPING scroll of butterflies.
   834 | D:1      | 834 ||| DROPPING potion of brilliance.
   921 | D:2      | Reached XP level 3. HP: 20/20 MP: 5/5
  1133 | D:2      | Reached skill level 7 in Ranged Weapons
  1447 | D:2      | Reached XP level 4. HP: 25/25 MP: 6/6
  1766 | D:2      | 1766 ||| UPGRADING to +0 helmet.
  1771 | D:2      | 1771 ||| READING 2 scrolls labelled RIYROBL SYJO.
  1772 | D:2      | 1772 ||| READING scroll labelled JATWOMEGOO.
  1873 | D:2      | 1873 ||| READING scroll labelled CYIS INISCHO.
  1874 | D:2      | 1874 ||| DROPPING scroll of blinking.
  1876 | D:2      | 1876 ||| Stepping ~*~*~tactically~*~*~ (cloud).
  1968 | D:3      | Found a shimmering altar of Xom.
  1973 | D:3      | 1973 ||| STAIRDANCE
  2056 | D:3      | HP: 6/25 [kobold/+0 whip (3)]
  2057 | D:3      | 2057 ||| READING scroll of teleportation.
  2195 | D:3      | HP: 5/25 [adder (4)]
  2197 | D:3      | Reached skill level 8 in Ranged Weapons
  2405 | D:3      | Reached XP level 5. HP: 27/29 MP: 7/7
  2669 | D:3      | Reached skill level 9 in Ranged Weapons
  3024 | D:3      | 3024 ||| UPGRADING to ring of positive energy.
  3025 | D:3      | 3025 ||| UPGRADING to ring of resist corrosion.
  3026 | D:3      | 3026 ||| READING 2 scrolls of identify.
  3026 | D:3      | 3026 ||| IDENTIFYING murky blue potion
  3027 | D:3      | 3027 ||| READING scroll of identify.
  3027 | D:3      | 3027 ||| IDENTIFYING glowing dark potion
  3028 | D:3      | 3028 ||| DROPPING potion of lignification.
  3138 | D:4      | Reached skill level 3 in Dodging
  3163 | D:4      | 3163 ||| RETREEEEATING.
  3164 | D:4      | 3164 ||| RETREEEEATING.
  3165 | D:4      | 3165 ||| RETREEEEATING.
  3173 | D:4      | HP: 1/30 [gnoll/+0 halberd[a gnoll bouda] (10)]
  3174 | D:4      | Slain by a gnoll

Levels and vault maps discovered:
D:1:      dpeg_arrival_shrine, layout_basic, chequers_ecumenical_altar_grove,
          nicolae_titane
D:2:      layout_basic
D:3:      layout_loops_ring, xom_confusion_cloud, chequers_serial_rivers_marsh
D:4:      layout_loops_ring

Skill      XL: |  1  2  3  4  5 |
---------------+----------------+-----
Ranged Weapons | 6 7 8 9 |  9.0
Dodging        | 3 |  3.3
Fighting       | |  1.7
Stealth        | |  1.2

Action                     |  1- 3 |  4- 6 || total
---------------------------+-------+-------++-------
   Fire: Shortbow          |   123 |   146 ||   269
    Use: Scroll            |     4 |     6 ||    10
 Armour: Leather armour    |    19 |    74 ||    93
  Dodge: Dodged            |    22 |    77 ||    99

Table legend:
 A = Non-vault XP
 B = Vault XP
 C = Vault XP percentage of total XP
 D = Non-vault monster count
 E = Vault monster count
 F = Vault count percentage of total count
                 A         B        C        D         E       F
            +---------+---------+-------+---------+---------+-------
      Total |     297 |      46 |  13.4 |      73 |       7 |   8.8
            +---------+---------+-------+---------+---------+-------
        D:1 |      38 |       0 |   0.0 |      26 |       0 |   0.0
        D:2 |      62 |      27 |  30.3 |      21 |       2 |   8.7
        D:3 |     136 |      19 |  12.3 |      22 |       5 |  18.5
        D:4 |      61 |       0 |   0.0 |       4 |       0 |   0.0
            +---------+---------+-------+---------+---------+-------
